Map: King's Cove LE

Players

DigitZ

  • Race: Terran Terran
  • League: Diamond
  • Spawn Location: 5:00

DarwinAwdWnr - Winner!

  • Race: Zerg Zerg
  • League: Gold
  • Spawn Location: 11:00

VOD

Have the link to the VOD?

Description

Time

  • Played on: June 23, 2019, 6:50 p.m.
  • Length: 12:08
Show
View Real Time Build Order
Export as new Build Order

DigitZ Terran 

Build Orders: Mech 

Get SALT Encoding   

  12  0:01  SCV  
  13  0:13  SCV  
  14  0:20  Supply Depot  
  14  0:25  SCV  
  15  0:41  SCV  
  16  0:43  Barracks  
  16  0:53  SCV  
  17  1:01  Refinery  
  17  1:06  SCV  
  18  1:18  SCV  
  19  1:30  SCV  
  19  1:32  Command Center  
  20  1:34  Marine  
  21  1:41  Bunker  
  21  1:44  SCV  
  22  1:53  Refinery  
  22  1:58  Orbital Command  
  22  2:02  Marine  
  23  2:13  Supply Depot  
  23  2:34  SCV  
  24  2:39  Barracks  
  24  2:41  Marine  
  25  2:46  SCV  
  25  2:48  Factory  
  26  2:54  Orbital Command  
  26  2:58  SCV  
  26  3:00  Marine  
  28  3:10  SCV  
  29  3:26  SCV  
  30  3:27  Marine  
  30  3:30  Supply Depot  
  30  3:32  SCV  
  30  3:33  Factory Tech Lab  
  32  3:38  SCV, Marine  
  32  3:40  Factory  
  34  3:44  SCV  
  34  3:45  Marine  
  36  3:50  SCV  
  36  3:54  Supply Depot  
  37  3:56  SCV  
  37  4:00  Refinery  
  38  4:03  Siege Tank, SCV  
  38  4:08  SCV  
  43  4:15  SCV  
  44  4:20  SCV  
  44  4:21  Command Center  
  45  4:50  Factory Tech Lab  
  45  4:54  Siege Tank  
  45  4:56  Armory  
  45  4:59  Factory  
  48  5:03  Marine  
  48  5:04  Factory, Marine  
  48  5:06  SCV x2  
  52  5:13  Siege Tank  
  55  5:18  SCV  
  55  5:21  Marine  
  57  5:22  Marine  
  57  5:27  Barracks  
  58  5:29  Barracks  
  58  5:34  Siege Tank  
  61  5:40  Marine  
  62  5:48  Refinery  
  62  5:56  Factory Reactor  
  62  5:58  Factory Reactor  
  62  6:06  Thor  
  68  6:13  SCV x2  
  70  6:25  SCV x2  
  72  6:28  Terran Vehicle Weapons Level 1  
  72  6:35  Supply Depot  
  72  6:36  Thor  
  72  6:37  SCV  
  72  6:38  Orbital Command  
  79  6:43  Refinery, SCV  
  80  6:48  Marine  
  80  6:49  SCV, Marine  
  80  6:50  Hellion  
  80  6:51  Hellion x2  
  89  6:55  SCV  
  91  7:01  SCV  
  91  7:06  Marine x2  
  88  7:12  Hellion  
  86  7:23  Marine  
  82  7:33  Hellion  
  82  7:34  Hellion x2  
  82  7:36  Marine x2  
  89  7:46  Hellion, Thor  
  97  7:53  Thor  
  97  7:55  Hellion x2  
  97  7:56  Supply Depot  
  97  7:57  Supply Depot  
  98  8:21  Hellion x2  
  100  8:42  Hellion  
  102  8:55  Thor  
  108  8:57  SCV x2  
  110  9:31  SCV x2  
  110  9:32  Hellion  
  110  9:33  Thor  
  96  9:43  SCV x2  
  82  9:54  Hellion x2  
  82  9:55  SCV x2, Marine  
  84  10:07  SCV x2  
  84  10:13  Marine  
  87  10:15  Thor  
  69  10:31  Marine  
  49  10:49  Marine  
  50  10:52  Hellion x2  
  50  10:53  SCV  
  50  10:54  SCV  
  50  11:05  SCV  
  44  11:13  Hellion  
  44  11:17  Hellion  
  42  11:35  Hellion  
  42  11:38  Hellion  
Show
View Real Time Build Order
Export as new Build Order

DarwinAwdWnr Zerg - Winner!

Build Orders: Hatch First, Swarm Host 

Get SALT Encoding   

  12  0:01  Drone  
  13  0:12  Drone  
  14  0:17  Overlord  
  14  0:36  Drone x2  
  16  0:52  Hatchery  
  15  0:59  Drone  
  15  1:00  Drone  
  15  1:02  Extractor  
  16  1:24  Spawning Pool  
  15  1:27  Drone x3  
  18  1:41  Drone  
  19  1:49  Drone  
  20  2:02  Overlord  
  20  2:11  Queen x2  
  20  2:13  Zergling x2  
  20  2:14  Zergling x2  
  26  2:40  Hatchery  
  26  2:42  Drone x2  
  27  2:54  Drone  
  27  2:55  Drone x3  
  27  2:57  Drone  
  32  3:03  Metabolic Boost  
  32  3:12  Lair  
  32  3:17  Overlord  
  32  3:39  Overlord x2  
  32  3:40  Drone x5  
  37  3:42  Drone  
  37  3:44  Drone  
  39  3:51  Extractor  
  38  4:00  Extractor  
  38  4:01  Extractor  
  36  4:03  Queen  
  36  4:05  Drone  
  36  4:06  Drone x4  
  36  4:08  Drone  
  44  4:10  Drone  
  44  4:14  Pneumatized Carapace  
  45  4:22  Overlord  
  45  4:27  Infestation Pit  
  44  4:33  Drone x5  
  44  4:34  Drone x3  
  52  4:51  Overseer  
  52  5:23  Swarm Host x4  
  52  5:28  Overlord x2  
  64  5:43  Drone x2  
  64  5:44  Overlord x3  
  64  5:45  Overlord x2  
  64  5:48  Swarm Host x5  
  82  5:50  Drone  
  82  6:02  Nydus Network  
  81  6:09  Swarm Host x3  
  88  6:26  Swarm Host x2  
  88  6:28  Swarm Host  
  97  6:39  Nydus Canal  
  97  6:43  Drone x9  
  106  7:31  Nydus Canal  
  106  7:41  Swarm Host x5  
  121  7:44  Overlord x2  
  121  7:45  Overlord x3  
  121  7:51  Nydus Canal  
  121  8:02  Queen x3  
  127  8:05  Nydus Canal  
  127  8:38  Queen  
  127  8:41  Swarm Host x9  
  156  8:54  Overseer  
  156  8:59  Nydus Canal  
  156  9:01  Extractor x2  
  154  9:12  Spine Crawler x2  
  154  9:14  Spine Crawler  
  154  9:15  Spore Crawler  
  134  10:22  Swarm Host x3  
  134  10:24  Swarm Host x2  
  134  10:25  Swarm Host x4  
  161  10:49  Queen, Spine Crawler  
  160  10:50  Spine Crawler  
  160  10:51  Queen, Spine Crawler x2  
  160  10:59  Queen  
Tags
 
Composition
MechSwarm Host
Matchup
TvZ
Replay Pack
10.7.19
Spawn Locations
Cross Positions
Add a new tag
Caveats
  • Supply blocks, unpowered buildings, or Contaminate may cause inaccurate times.
  • Supply counts are checked every 10 seconds.